 Dungeon Crawl Stone Soup version 0.26-a0-259-g1effd001a9 (webtiles) character file.

Game seed: 16475051946325143862

46 Flugkiller the Digger (level 3, 0/26 HPs)
             Began as a Draconian Earth Elementalist on July 10, 2020.
             Slain by a quokka (2 damage)
             ... on level 1 of the Dungeon.
             The game lasted 00:03:35 (420 turns).

Flugkiller the Digger (Draconian Earth Elementalist) Turns: 420, Time: 00:03:36

Health: 0/26       AC:  5    Str: 10    XL:     3   Next: 46%
Magic:  5/6        EV: 12    Int: 16    God:
Gold:   29         SH:  0    Dex: 11    Spells: 1/7 levels left

rFire    . . .     SeeInvis .   h - +0 dagger
rCold    . . .     Faith    .   (no shield)
rNeg     . . .     Spirit   .   (armour unavailable)
rPois    .         Reflect  .   (helmet restricted)
rElec    .         Harm     .   (no cloak)
rCorr    .                      (no gloves)
MR       .....                  (no boots)
Stlth    ++........             (no amulet)
HPRegen  0.08/turn              (no ring)
MPRegen  0.10/turn              (no ring)

@: no status effects
A: unfitting armour, cold-blooded, AC +5
a: no special abilities


You were on level 1 of the Dungeon.
You were not hungry.

You visited 1 branch of the dungeon, and saw 2 of its levels.

You collected 29 gold pieces.

Inventory:

Hand Weapons
 h - a +0 dagger (weapon)
   (You took it off a goblin on level 1 of the Dungeon)
Missiles
 b - 11 stones (quivered)
 e - 18 arrows
Scrolls
 a - a scroll of fear {unknown}
 f - a scroll of enchant weapon {unknown}
 g - a scroll of random uselessness {unknown}
 i - a scroll of enchant armour {unknown}
Potions
 d - 2 potions of haste {unknown}
Comestibles
 c - 2 rations


   Skills:
 - Level 1.7 Dodging
 - Level 1.7 Stealth
 + Level 2.6 Spellcasting
 - Level 1.0 Transmutations
 * Level 4.1 Earth Magic


You had one spell level left.
You knew the following spells:

 Your Spells              Type           Power        Failure   Level
a - Sandblast             Erth           ###...       3%          1
b - Stone Arrow           Conj/Erth      #.....       26%         3
w - Passwall              Tmut/Erth      ##......     11%         2

Your spell library contained the following spells:

 Spells                   Type           Power        Failure   Level
 Petrify                  Tmut/Erth      ##......     56%         4
 Lee's Rapid Deconstruct  Erth           ###.......   69%         5


Dungeon Overview and Level Annotations

Branches:
Dungeon (2/15)

Altars:

Annotations:
D:2 Robin


Innate Abilities, Weirdness & Mutations

Your plain brown scales are hard. (AC +5)
You cannot fit into any form of body armour.
You are cold-blooded and may be slowed by cold attacks.


Message History

The hobgoblin hits you with a cursed +0 club.
* * * LOW HITPOINT WARNING * * *
Casting: Sandblast (safe; 3% risk of failure)
Confirm with . or Enter, or press ? or * to list all spells.
Aiming: Sandblast (safe; 3% risk of failure)
Press: ? - help, Shift-Dir - straight line, f - goblin
Aim: a goblin, wielding a +0 dagger (strong)
The blast of sand hits the goblin!
You kill the goblin!
b - 12 stones The goblin shouts!
The quokka barely misses you. x2
The hobgoblin hits you but does no damage.
The hobgoblin hits you with a +0 club.
* * * LOW HITPOINT WARNING * * *
You see here a +0 dagger.
There is a stone staircase leading up here.
The hobgoblin closely misses you.
The quokka bites you but does no damage.
The hobgoblin closely misses you. Robin throws the goblin at you!
You climb upwards.
There is a stone staircase leading down here.
The quokka bites you.
* * * LOW HITPOINT WARNING * * *
The hobgoblin no longer looks unusually strong.
The hobgoblin no longer looks unusually strong.
There is a stone staircase leading down here.
You see here a robe.
Casting: Sandblast (safe; 3% risk of failure)
Confirm with . or Enter, or press ? or * to list all spells.
Aiming: Sandblast (safe; 3% risk of failure)
Press: ? - help, Shift-Dir - straight line, f - hobgoblin
Aim: a hobgoblin, wielding a +0 club The blast of sand hits the hobgoblin!
You kill the hobgoblin!
b - 11 stones You miss the quokka.
The quokka closely misses you.
You hit the quokka but do no damage.
The quokka bites you but does no damage.
You closely miss the quokka.
The quokka bites you but does no damage.
You hit the quokka.
The quokka is heavily wounded.
The quokka closely misses you.
You barely miss the quokka.
The quokka is heavily wounded.
The quokka bites you.
* * * LOW HITPOINT WARNING * * *
The quokka bites you.
You die...

#.# #.# #.#
######.# #.#
#...†..# #.#
#.###### #g#
#.# #.#
######.# #>#
#......#
#[#####.######
#..gr@..#
#########


You could see a quokka and a hobgoblin.

Vanquished Creatures
  A gnoll (D:1)
  2 adders (D:2)
  A dart slug (D:1)
  2 giant cockroaches (D:2)
  4 hobgoblins
  2 kobolds (D:2)
  A frilled lizard (D:1)
  2 goblins
  2 rats (D:2)
17 creatures vanquished.

Notes
Turn   | Place    | Note
-------+----------+-------------------------------------------
     0 | D:1      | Flugkiller the Draconian Earth Elementalist began the quest
                  | for the Orb.
     0 | D:1      | Reached XP level 1. HP: 14/14 MP: 3/3
    42 | D:2      | Noticed Robin
   187 | D:2      | Reached XP level 2. HP: 12/20 MP: 1/5
   240 | D:2      | Reached XP level 3. HP: 16/26 MP: 1/6
   335 | D:1      | Reached skill level 4 in Earth Magic
   352 | D:1      | Learned a level 2 spell: Passwall
   356 | D:1      | Learned a level 3 spell: Stone Arrow
   420 | D:1      | Slain by a quokka

Illustrated notes

Levels and vault maps discovered:
D:1:      psy_arrival_spokes, layout_loops_ring
D:2:      layout_basic, lemuel_blue_sif_altar, uniq_robin

Skill      XL: |  1  2  3 |
---------------+----------+-----
Earth Magic    | 4 |  4.1
Dodging        | |  1.7
Stealth        | |  1.7
Spellcasting   | |  2.6
Transmutations | |  1.0

Action                   || total
-------------------------++-------
Melee: Unarmed           ||    53
       Tailslap          ||     6
       Dagger            ||    17
 Cast: Sandblast         ||    19
Armor: Skin              ||    30
Dodge: Dodged            ||    57

Table legend:
 A = Non-vault XP
 B = Vault XP
 C = Vault XP percentage of total XP
 D = Non-vault monster count
 E = Vault monster count
 F = Vault count percentage of total count
                 A         B        C        D         E       F
            +---------+---------+-------+---------+---------+-------
      Total |      59 |       8 |  11.9 |      13 |       4 |  23.5
            +---------+---------+-------+---------+---------+-------
        D:1 |      23 |       4 |  14.8 |       5 |       2 |  28.6
        D:2 |      36 |       4 |  10.0 |       8 |       2 |  20.0
            +---------+---------+-------+---------+---------+-------
